 Dungeon Crawl Stone Soup version 0.14-a0-1876-g927fc3a (webtiles) character file.

257 Kae the Ruffian (level 5, -5/40 HPs)
             Began as a Draconian Transmuter on Jan 14, 2014.
             Killed by divine providence
             ... invoked by an orc priest
              (15 damage)
             ... on Level 4 of the Dungeon.
             The game lasted 00:02:16 (2482 turns).

Kae the Ruffian (Draconian Transmuter)              Turns: 2482, Time: 00:02:16

HP  -5/40        AC  5     Str 13      XL: 5   Next: 25%
MP   9/9         EV 12     Int  9 (13) God:
Gold 87          SH  0     Dex 12      Spells:  3 memorised,  2 levels left

rFire  . . .     SeeInvis .       - Unarmed
rCold  . . .     Clarity  .     (armour unavailable)
rNeg   . . .     Conserve .     (no shield)
rPois  .         rCorr    .     (helmet restricted)
rElec  .         rRot     .     (no cloak)
SustAb . .       Spirit   .     (no gloves)
rMut   .         Warding  .     (boots unavailable)
Saprov . . .     Stasis   .     (no amulet)
MR     .....                    (no ring)
                                (no ring)

@: appendage (expiring), not resistant to hostile enchantments, unstealthy
A: unfitting armour, talons 3, AC +5
a: End Transformation


You were on level 4 of the Dungeon.
You were very hungry.
You had grown temporary talons.
You visited 1 branch of the dungeon, and saw 4 of its levels.

You collected 87 gold pieces.

Inventory:

Missiles
 b - 12 arrows
Comestibles
 a - a bread ration
 j - an apple
 o - 2 meat rations
Scrolls
 c - a scroll of teleportation {unknown}
 e - 5 scrolls of identify {unknown}
 f - a scroll of noise {unknown}
 h - 2 scrolls of remove curse {unknown}
 m - a scroll of enchant armour {unknown}
 q - a scroll of enchant weapon I {unknown}
 r - a scroll of fear {unknown}
 s - a scroll of enchant weapon II {unknown}
Potions
 i - a potion of poison
 l - a potion of might {unknown}
 n - 2 potions of curing {unknown}
 p - a potion of cure mutation {unknown}
Books
 d - a book of Changes

   Spells                             Type                      Level
   *Beastly Appendage                 Transmutation                1
   *Sticks to Snakes                  Transmutation                2
   *Spider Form                       Transmutation/Poison         3
   Ice Form                           Ice/Transmutation            4
   Blade Hands                        Transmutation                5


   Skills:
 - Level 1.1 Fighting
 - Level 1.7 Dodging
 * Level 5.1 Unarmed Combat
 - Level 2.0 Spellcasting
 + Level 3.6 Transmutations


You had 2 spell levels left.
You knew the following spells:

 Your Spells              Type           Power        Failure   Level  Hunger
a - Beastly Appendage     Trmt           #.....       10%         1    ##.....
b - Sticks to Snakes      Trmt           #.........   12%         2    ###....
c - Spider Form           Trmt/Pois      #.........   56%         3    ####...


Dungeon Overview and Level Annotations

Branches:
Dungeon (4/16)
 Temple: D:4-7

Altars:


Innate Abilities, Weirdness & Mutations

Your plain brown scales are hard (AC +5).*
Your body does not fit into most forms of armour.
Your cold-blooded metabolism reacts poorly to cold.
You have claws for feet.*


Message History

* * * LOW HITPOINT WARNING * * *
You hit the orc priest.
The orc priest is heavily wounded.
The orc priest barely misses you.
You hit the orc priest but do no damage.
The orc priest is heavily wounded.
You hit the orc priest but do no damage.
Your kick misses the orc priest.
The orc priest is heavily wounded.
The orc priest hits you with an orcish mace.
* * * LOW HITPOINT WARNING * * *
You barely miss the orc priest. Your kick misses the orc priest.
The orc priest is heavily wounded.
The orc priest mumbles some strange prayers to Beogh.
You feel a wave of unholy energy pass over you.
You hit the orc priest.
The orc priest is severely wounded.
The orc priest invokes the aid of Beogh against you.
Something smites you!
You die...

###
.....
...#
...#
..#
..#
#.#
#)#
#@#
#o#
#.#
#.#
#.#
#.#
#..
#..
#..


You could see an orc priest.

Vanquished Creatures
  An orc wizard (D:3)
  Ijyb (D:2)
  4 adders
  3 giant mites
  3 worms
  2 giant geckos (D:2)
  2 orcs (D:4)
  A ball python (D:2)
  5 bats
  2 giant cockroaches
  5 hobgoblins
  3 jackals (D:3)
  2 giant newts
  5 goblins
  11 kobolds
  7 rats
57 creatures vanquished.

Notes
Turn   | Place    | Note
--------------------------------------------------------------
     0 | D:1      | Kae, the Draconian Transmuter, began the quest for the Orb.
     0 | D:1      | Reached XP level 1. HP: 16/16 MP: 3/3
    79 | D:1      | Reached XP level 2. HP: 20/23 MP: 4/4
   483 | D:2      | Reached XP level 3. HP: 25/28 MP: 4/6
   534 | D:2      | Learned a level 2 spell: Sticks to Snakes
   587 | D:2      | Reached skill level 4 in Unarmed Combat
   904 | D:2      | Learned a level 3 spell: Spider Form
  1165 | D:2      | Reached XP level 4. HP: 31/35 MP: 7/7
  1351 | D:2      | Noticed Ijyb
  1379 | D:2      | Killed Ijyb
  2139 | D:3      | Reached XP level 5. HP: 29/40 MP: 7/9
  2309 | D:4      | Reached skill level 5 in Unarmed Combat
  2482 | D:4      | Killed from afar by an orc priest

Action                   |  1- 3 |  4- 6 || total
-------------------------+-------+-------++-------
Melee: Unarmed           |   106 |   112 ||   218
 Cast: Beastly Appendage |     6 |     8 ||    14
  Use: Potion            |       |     3 ||     3
